SNL (28 & UNDER)
WICHITA WRANGLERS @ SALEM SILVER SOULS
06/05/2027
 
TOP OF THE 1ST
Wichita Wranglers batting - Pitching for Salem Silver Souls : RHP Tony Meyer
Pitching: RHP Tony Meyer
Batting: LHB Aurelio Torrez 0-0: Ball
1-0: Fly out, F4 (Line Drive, 4)
Batting: RHB Oliver Todd 0-0: Ball
1-0: Foul Ball, location: 2F
1-1: Ball
2-1: Swinging Strike
2-2: Foul Ball, location: 2F
2-2: Ball
3-2: Fly out, F9 (Flyball, 89S)
Batting: LHB Edward Rose 0-0: Called Strike
0-1: Ball
1-1: SINGLE (Flyball, 89S)
Batting: SHB Javier Peña 0-0: Called Strike
0-1: Called Strike
0-2: Ball
1-2: Ball
2-2: Foul Ball, location: 2F
2-2: Ball
3-2: Foul Ball, location: 2F
3-2: TRIPLE (Flyball, 89XD)
Edward Rose scores
Batting: RHB Félix Gonzáles 0-0: Foul Ball, location: 2F
0-1: Foul Ball, location: 2F
0-2: Strikes out swinging
Top of the 1st over - 1 run(s), 2 hit(s), 0 error(s), 1 left on base; Wichita 1 - Salem 0
BOTTOM OF THE 1ST
Salem Silver Souls batting - Pitching for Wichita Wranglers : RHP Greg Reeves
Pitching: RHP Greg Reeves
Batting: SHB Tony Yan 0-0: Called Strike
0-1: Called Strike
0-2: Foul Ball, location: 2F
0-2: Foul Ball, location: 2F
0-2: Ball
1-2: Strikes out looking
Batting: RHB Brian Dixon 0-0: Ball
1-0: Ball
2-0: Foul Ball, location: 2F
2-1: Ball
3-1: Base on Balls
Batting: LHB Nick Scott 0-0: Ball
1-0: Ball
2-0: Ball
3-0: Called Strike
3-1: Ground out U3 (Groundball, 3L)
Brian Dixon to second
Batting: LHB Ezechiele Bruno 0-0: Foul Ball, location: 2F
0-1: Called Strike
0-2: Strikes out swinging
Bottom of the 1st over - 0 run(s), 0 hit(s), 0 error(s), 1 left on base; Wichita 1 - Salem 0
TOP OF THE 2ND
Wichita Wranglers batting - Pitching for Salem Silver Souls : RHP Tony Meyer
Batting: RHB Santiago Morales 0-0: Ball
1-0: Ball
2-0: Ball
3-0: Base on Balls
Batting: LHB Richard Hinkle 0-0: SINGLE (Groundball, 4MD)
Santiago Morales to second
Batting: SHB Wayne Matthews 0-0: Foul Ball, location: 2F
0-1: Ball
1-1: Swinging Strike
1-2: Strikes out looking
Batting: RHB Ralph Lambert 0-0: Ball
1-0: SINGLE (Groundball, 3D)
Santiago Morales to third
Richard Hinkle to second
Runner from 3rd tries for Home, SAFE, no throw
Batting: LHB Aurelio Torrez 0-0: Ball
1-0: Ball
2-0: Ball
3-0: Base on Balls
Richard Hinkle to third
Ralph Lambert to second
Batting: RHB Oliver Todd 0-0: Foul Ball, location: 2F
0-1: Ball
1-1: SINGLE (Line Drive, 7S)
Richard Hinkle scores
Ralph Lambert to third
Aurelio Torrez to second
Batting: LHB Edward Rose 0-0: Swinging Strike
0-1: Ball
1-1: Foul Ball, location: 2F
1-2: SINGLE (Line Drive, 7S)
Ralph Lambert scores
Aurelio Torrez to third
Oliver Todd to second
Runner from 3rd tries for Home, SAFE, no throw
Batting: SHB Javier Peña 0-0: SINGLE (Groundball, 56) (infield hit)
Oliver Todd to third
Edward Rose to second
Batting: RHB Félix Gonzáles 0-0: Called Strike
0-1: Ball
1-1: Ball
2-1: Foul Ball, location: 2F
2-2: Ball
3-2: Foul Ball, location: 2F
3-2: Strikes out swinging
Batting: RHB Santiago Morales 0-0: Fly out, F7 (Flyball, 7LS)
Top of the 2nd over - 4 run(s), 5 hit(s), 0 error(s), 3 left on base; Wichita 5 - Salem 0
BOTTOM OF THE 2ND
Salem Silver Souls batting - Pitching for Wichita Wranglers : RHP Greg Reeves
Batting: RHB Gustavo Pagán 0-0: Ball
1-0: Ball
2-0: Called Strike
2-1: DOUBLE (Line Drive, 9LM)
Batting: SHB Jesús Sosa 0-0: Foul Ball, location: 2F
0-1: Called Strike
0-2: Ball
1-2: Foul Ball, location: 2F
1-2: Strikes out swinging
Batting: LHB Hamilton Hughes 0-0: Foul Ball, location: 2F
0-1: Ball
1-1: Ball
2-1: Foul Ball, location: 2F
2-2: Ball
3-2: Base on Balls
Batting: RHB Augusto Baiano 0-0: Ground out 6-3 (Groundball, 6MS)
Gustavo Pagán to third
Hamilton Hughes to second
Batting: RHB Jack Snyder 0-0: Foul Ball, location: 2F
0-1: Ball
1-1: Ball
2-1: Swinging Strike
2-2: Strikes out swinging
Bottom of the 2nd over - 0 run(s), 1 hit(s), 0 error(s), 2 left on base; Wichita 5 - Salem 0
TOP OF THE 3RD
Wichita Wranglers batting - Pitching for Salem Silver Souls : RHP Tony Meyer
Batting: LHB Richard Hinkle 0-0: Ball
1-0: Ball
2-0: Ball
3-0: Base on Balls
Batting: SHB Wayne Matthews 0-0: Ball
1-0: Ball
2-0: Fly out, F8 (Line Drive, 8LM)
Pitching: RHP Pat Wyatt
Batting: RHB Ralph Lambert 0-0: Called Strike
0-1: Ball
1-1: Swinging Strike
1-2: Ball
2-2: Foul Ball, location: 2F
2-2: Ball
3-2: Base on Balls
Richard Hinkle to second
Batting: LHB Aurelio Torrez 0-0: Ball
1-0: SINGLE (Flyball, 9LS)
Richard Hinkle to third
Ralph Lambert to second
Batting: RHB Oliver Todd 0-0: Ball
1-0: SINGLE (Line Drive, 7LS)
Richard Hinkle scores
Ralph Lambert to third
Aurelio Torrez to second
Batting: LHB Edward Rose 0-0: Called Strike
0-1: Called Strike
0-2: Foul Ball, location: 2F
0-2: Ball
1-2: Ball
2-2: Strikes out swinging
Batting: SHB Javier Peña 0-0: Ball
1-0: Called Strike
1-1: Foul Ball, location: 2F
1-2: Ball
2-2: Ball
3-2: Foul Ball, location: 2F
3-2: Base on Balls
Ralph Lambert scores
Aurelio Torrez to third
Oliver Todd to second
Batting: RHB Félix Gonzáles 0-0: Fielders Choice at 2nd, 5-4 (Groundball, 56)
Top of the 3rd over - 2 run(s), 2 hit(s), 0 error(s), 2 left on base; Wichita 7 - Salem 0
BOTTOM OF THE 3RD
Salem Silver Souls batting - Pitching for Wichita Wranglers : RHP Greg Reeves
Batting: SHB Tony Yan 0-0: Called Strike
0-1: Ball
1-1: Ball
2-1: Fly out, F4 (Line Drive, 4)
Batting: RHB Brian Dixon 0-0: Ball
1-0: Fly out, F9 (Flyball, 9LS)
Batting: LHB Nick Scott 0-0: Ground out 1-3 (Groundball, P)
Bottom of the 3rd over - 0 run(s), 0 hit(s), 0 error(s), 0 left on base; Wichita 7 - Salem 0
TOP OF THE 4TH
Wichita Wranglers batting - Pitching for Salem Silver Souls : RHP Pat Wyatt
Batting: RHB Santiago Morales 0-0: Swinging Strike
0-1: Ball
1-1: Foul Ball, location: 2F
1-2: Foul Ball, location: 2F
1-2: Foul Ball, location: 2F
1-2: Strikes out swinging
Batting: LHB Richard Hinkle 0-0: Ball
1-0: Ball
2-0: Ball
3-0: Base on Balls
Batting: SHB Wayne Matthews 0-0: Called Strike
0-1: Called Strike
0-2: Ball
1-2: Foul Ball, location: 2F
1-2: Fielders Choice at 2nd, 4-6 (Groundball, 4)
Batting: RHB Ralph Lambert 0-0: Called Strike
0-1: Ball
1-1: Called Strike
1-2: SINGLE (Groundball, 6MD)
Wayne Matthews to second
Throwing error, E8
Wayne Matthews scores
Ralph Lambert to second
Batting: LHB Aurelio Torrez 0-0: Foul Ball, location: 2F
0-1: Called Strike
0-2: Foul Ball, location: 2F
0-2: Ball
1-2: Strikes out looking
Top of the 4th over - 1 run(s), 1 hit(s), 1 error(s), 1 left on base; Wichita 8 - Salem 0
BOTTOM OF THE 4TH
Salem Silver Souls batting - Pitching for Wichita Wranglers : RHP Greg Reeves
Batting: LHB Ezechiele Bruno 0-0: Called Strike
0-1: Foul Ball, location: 2F
0-2: Ball
1-2: DOUBLE (Line Drive, 78D)
Batting: RHB Gustavo Pagán 0-0: Ball
1-0: Called Strike
1-1: Ball
2-1: Ground out 3-1 (Groundball, 34)
Ezechiele Bruno to third
Batting: SHB Jesús Sosa 0-0: Called Strike
0-1: Foul Ball, location: 2F
0-2: SINGLE (Line Drive, 89S)
Ezechiele Bruno scores
Batting: LHB Hamilton Hughes 0-0: Foul Ball, location: 2F
0-1: Fly out, F6 (Flyball, 6D)
Batting: RHB Augusto Baiano 0-0: Fielders Choice at 2nd, 5-4 (Groundball, 56)
Bottom of the 4th over - 1 run(s), 2 hit(s), 0 error(s), 0 left on base; Wichita 8 - Salem 1
TOP OF THE 5TH
Wichita Wranglers batting - Pitching for Salem Silver Souls : RHP Pat Wyatt
Batting: RHB Oliver Todd 0-0: Ground out 6-3 (Groundball, 6)
Batting: LHB Edward Rose 0-0: Fly out, F9 (Flyball, 9S)
Batting: SHB Javier Peña 0-0: Called Strike
0-1: Ball
1-1: Ball
2-1: Swinging Strike
2-2: Ball
3-2: SINGLE (Groundball, 34D)
Batting: RHB Félix Gonzáles 0-0: Called Strike
0-1: Ball
1-1: Called Strike
1-2: Foul Ball, location: 2F
1-2: Foul Ball, location: 2F
1-2: Foul Ball, location: 2F
1-2: Ball
Javier Peña steals 2nd base
2-2: Foul Ball, location: 2F
2-2: Strikes out swinging
Top of the 5th over - 0 run(s), 1 hit(s), 0 error(s), 1 left on base; Wichita 8 - Salem 1
BOTTOM OF THE 5TH
Salem Silver Souls batting - Pitching for Wichita Wranglers : RHP Greg Reeves
Batting: RHB Jack Snyder 0-0: Ball
1-0: Ball
2-0: Ball
3-0: Called Strike
3-1: Foul Ball, location: 2F
3-2: Base on Balls
Batting: SHB Tony Yan 0-0: DOUBLE (Line Drive, 9LM)
Jack Snyder to third
Batting: RHB Brian Dixon 0-0: SINGLE (Line Drive, 78S)
Jack Snyder scores
Tony Yan to third
Runner from 3rd tries for Home, SAFE, throw made home
Batting: LHB Nick Scott 0-0: Fly out, F8 (Flyball, 8RS)
Batting: LHB Ezechiele Bruno 0-0: Called Strike
0-1: SINGLE (Line Drive, 4MD)
Brian Dixon to second
Runner from 2nd tries for 3rd, SAFE, throw made to third
Batting: RHB Gustavo Pagán 0-0: Reached on error, E4 (Groundball, 4)
Brian Dixon scores
Ezechiele Bruno to second
Batting: SHB Jesús Sosa 0-0: Ball
1-0: Ball
2-0: Swinging Strike
2-1: Fielders Choice at 2nd, 5-4 (Groundball, 56)
Ezechiele Bruno to third
Batting: LHB Hamilton Hughes 0-0: Ball
1-0: Fielders Choice at 2nd, 4-6 (Groundball, 4)
Bottom of the 5th over - 3 run(s), 3 hit(s), 1 error(s), 1 left on base; Wichita 8 - Salem 4
TOP OF THE 6TH
Wichita Wranglers batting - Pitching for Salem Silver Souls : RHP Pat Wyatt
Batting: RHB Santiago Morales 0-0: Ball
1-0: Ball
2-0: Ball
3-0: Called Strike
3-1: Base on Balls
Batting: LHB Richard Hinkle Pickoff Throw to First - Out!
0-0: Called Strike
0-1: Foul Ball, location: 2F
0-2: Foul Ball, location: 2F
0-2: Ball
1-2: Ball
2-2: SINGLE (Groundball, 6MS) (infield hit)
Batting: SHB Wayne Matthews 0-0: Called Strike
0-1: Fly out, F7 (Flyball, 7S)
Batting: RHB Ralph Lambert 0-0: Called Strike
0-1: Ball
1-1: DOUBLE (Line Drive, 9LM)
Richard Hinkle to third
Pitching: RHP Andy Hickey
Batting: LHB Aurelio Torrez 0-0: Swinging Strike
0-1: Ball
1-1: Ball
2-1: Called Strike
2-2: Foul Ball, location: 2F
2-2: Ball
3-2: Base on Balls
Batting: RHB Oliver Todd 0-0: Swinging Strike
0-1: Ball
1-1: Swinging Strike
1-2: Strikes out looking
Top of the 6th over - 0 run(s), 2 hit(s), 0 error(s), 3 left on base; Wichita 8 - Salem 4
BOTTOM OF THE 6TH
Salem Silver Souls batting - Pitching for Wichita Wranglers : RHP Greg Reeves
Batting: RHB Augusto Baiano 0-0: Ball
1-0: Called Strike
1-1: Ground out 5-3 (Groundball, 56)
Batting: RHB Jack Snyder 0-0: Called Strike
0-1: Ball
1-1: Foul Ball, location: 2F
1-2: Strikes out swinging
Batting: SHB Tony Yan 0-0: Foul Ball, location: 2F
0-1: Swinging Strike
0-2: Foul Ball, location: 2F
0-2: Ball
1-2: Strikes out swinging
Bottom of the 6th over - 0 run(s), 0 hit(s), 0 error(s), 0 left on base; Wichita 8 - Salem 4
TOP OF THE 7TH
Wichita Wranglers batting - Pitching for Salem Silver Souls : RHP Andy Hickey
Batting: LHB Edward Rose 0-0: Ball
1-0: Ball
2-0: Foul Ball, location: 2F
2-1: DOUBLE (Line Drive, 9D)
Batting: SHB Javier Peña 0-0: Intentional Walk
Batting: RHB Félix Gonzáles 0-0: Swinging Strike
0-1: Ball
1-1: Fly out, F5 (Line Drive, 56)
Batting: RHB Santiago Morales 0-0: Called Strike
0-1: Ball
Wild Pitch!
Edward Rose to third
Javier Peña to second
1-1: SINGLE (Line Drive, 7S)
Edward Rose scores
Javier Peña to third
Runner from 3rd tries for Home, SAFE, no throw
Batting: LHB Richard Hinkle 0-0: Foul Ball, location: 2F
0-1: Ball
1-1: Ball
2-1: SINGLE (Groundball, 4D)
Santiago Morales to second
Runner from 2nd tries for 3rd, SAFE, no throw
Batting: SHB Wayne Matthews 0-0: Called Strike
0-1: Hit by Pitch
Richard Hinkle to second
Batting: RHB Ralph Lambert 0-0: Ball
1-0: Called Strike
1-1: Ball
2-1: Ball
3-1: Foul Ball, location: 2F
3-2: Base on Balls
Santiago Morales scores
Richard Hinkle to third
Wayne Matthews to second
Batting: LHB Aurelio Torrez 0-0: Ball
1-0: Ball
2-0: SINGLE (Groundball, 34) (infield hit)
Richard Hinkle scores
Wayne Matthews to third
Ralph Lambert to second
Pitching: RHP Mario Navarro
Batting: RHB Oliver Todd 0-0: Swinging Strike
0-1: SINGLE (Flyball, 89S)
Wayne Matthews scores
Ralph Lambert to third
Aurelio Torrez to second
Batting: LHB Edward Rose 0-0: Ball
1-0: Ball
2-0: Ball
3-0: Base on Balls
Ralph Lambert scores
Aurelio Torrez to third
Oliver Todd to second
Batting: SHB Javier Peña 0-0: Foul Ball, location: 2F
0-1: Ball
1-1: Fly out, F8 (Flyball, 8RS)
Batting: RHB Félix Gonzáles 0-0: Foul Ball, location: 2F
0-1: Ball
1-1: DOUBLE (Line Drive, 7LS)
Aurelio Torrez scores
Oliver Todd scores
Edward Rose to third
Runner from 3rd tries for Home, throw and OUT!
Top of the 7th over - 8 run(s), 6 hit(s), 0 error(s), 1 left on base; Wichita 16 - Salem 4
BOTTOM OF THE 7TH
Salem Silver Souls batting - Pitching for Wichita Wranglers : RHP Greg Reeves
Batting: RHB Brian Dixon 0-0: Ball
1-0: Ball
2-0: Called Strike
2-1: Ball
3-1: Called Strike
3-2: Strikes out swinging
Pitching: RHP José López
Batting: LHB Nick Scott 0-0: Ball
1-0: Called Strike
1-1: Ball
2-1: Ball
3-1: Called Strike
3-2: Ground out 1-3 (Groundball, 13S)
Batting: LHB Ezechiele Bruno 0-0: Foul Ball, location: 2F
0-1: Ball
1-1: Called Strike
1-2: Strikes out looking
Bottom of the 7th over - 0 run(s), 0 hit(s), 0 error(s), 0 left on base; Wichita 16 - Salem 4
TOP OF THE 8TH
Wichita Wranglers batting - Pitching for Salem Silver Souls : RHP Mario Navarro
Batting: RHB Santiago Morales 0-0: Ball
1-0: Foul Ball, location: 2F
1-1: Ball
2-1: Ball
3-1: Swinging Strike
3-2: Foul Ball, location: 2F
3-2: Foul Ball, location: 2F
3-2: Foul Ball, location: 2F
3-2: Base on Balls
Batting: LHB Richard Hinkle 0-0: Ball
1-0: Called Strike
1-1: Ball
2-1: Ball
3-1: Base on Balls
Santiago Morales to second
Batting: SHB Wayne Matthews 0-0: Ball
1-0: Called Strike
1-1: Foul Ball, location: 2F
1-2: Ball
2-2: Foul Ball, location: 2F
2-2: Strikes out swinging
Batting: RHB Ralph Lambert 0-0: Swinging Strike
0-1: Foul Ball, location: 2F
0-2: Ball
1-2: Foul Ball, location: 2F
1-2: Ball
2-2: Ball
3-2: Foul Ball, location: 2F
3-2: Strikes out swinging
Richard Hinkle is caught stealing 2nd base
Batter strikes out.
Top of the 8th over - 0 run(s), 0 hit(s), 0 error(s), 1 left on base; Wichita 16 - Salem 4
BOTTOM OF THE 8TH
Salem Silver Souls batting - Pitching for Wichita Wranglers : RHP José López
Batting: RHB Gustavo Pagán 0-0: Foul Ball, location: 2F
0-1: SINGLE (Line Drive, 34D)
Batting: SHB Jesús Sosa 0-0: Ball
1-0: Swinging Strike
1-1: Foul Ball, location: 2F
1-2: Strikes out looking
Batting: LHB Hamilton Hughes 0-0: Ball
1-0: Ball
2-0: Grounds into double play, 4-6-3 (Groundball, 4D)
Bottom of the 8th over - 0 run(s), 1 hit(s), 0 error(s), 0 left on base; Wichita 16 - Salem 4
TOP OF THE 9TH
Wichita Wranglers batting - Pitching for Salem Silver Souls : RHP Mario Navarro
Batting: LHB Aurelio Torrez 0-0: Ball
1-0: Swinging Strike
1-1: Swinging Strike
1-2: Foul Ball, location: 2F
1-2: Ball
2-2: Foul Ball, location: 2F
2-2: Ball
3-2: Strikes out looking
Batting: RHB Oliver Todd 0-0: Ball
1-0: Ball
2-0: SINGLE (Line Drive, 4MD)
Batting: LHB Edward Rose 0-0: Called Strike
0-1: Called Strike
0-2: Foul Ball, location: 2F
0-2: Foul Ball, location: 2F
0-2: DOUBLE (Line Drive, 78D)
Oliver Todd to third
Pitching: RHP Patrick Williamson
Batting: SHB Javier Peña 0-0: Ball
1-0: Swinging Strike
1-1: 3-RUN HOME RUN (Flyball, 9LD), Distance : 344 ft
Batting: RHB Félix Gonzáles 0-0: Ball
1-0: Swinging Strike
1-1: Swinging Strike
1-2: Strikes out swinging
Batting: RHB Santiago Morales 0-0: Called Strike
0-1: Ball
1-1: Ground out 4-3 (Groundball, 4)
Top of the 9th over - 3 run(s), 3 hit(s), 0 error(s), 0 left on base; Wichita 19 - Salem 4
BOTTOM OF THE 9TH
Salem Silver Souls batting - Pitching for Wichita Wranglers : RHP José López
Now at 2B: Lewis Woods
Batting: RHB Augusto Baiano 0-0: SINGLE (Line Drive, 5)
Batting: RHB Jack Snyder 0-0: Foul Ball, location: 2F
0-1: Called Strike
0-2: Ball
1-2: Ball
2-2: Foul Ball, location: 2F
2-2: Foul Ball, location: 2F
2-2: Foul Ball, location: 2F
2-2: Ball
3-2: Base on Balls
Augusto Baiano to second
Batting: SHB Tony Yan 0-0: Ball
1-0: 3-RUN HOME RUN (Flyball, 89XD), Distance : 437 ft
Batting: RHB Brian Dixon 0-0: Ball
1-0: Ball
2-0: Ball
3-0: Called Strike
3-1: Base on Balls
Batting: LHB Nick Scott 0-0: Foul Ball, location: 2F
0-1: Ball
1-1: Foul Ball, location: 2F
1-2: Ball
2-2: Ball
3-2: Strikes out swinging
Pinch Hitting: SHB Francis Shaffer 0-0: Called Strike
0-1: Foul Ball, location: 2F
0-2: Ball
1-2: Ball
2-2: SINGLE (Groundball, 4MD)
Brian Dixon to second
Runner from 2nd tries for 3rd, SAFE, throw made to third
Batting: RHB Gustavo Pagán 0-0: Ball
1-0: Foul Ball, location: 2F
1-1: Foul Ball, location: 2F
1-2: Ball
2-2: SINGLE (Groundball, 56S) (infield hit)
Brian Dixon scores
Francis Shaffer to second
Pitching: LHP Jorge Ybarra
Batting: SHB Jesús Sosa 0-0: Ball
1-0: Ball
2-0: Fly out, F3 (Line Drive, 3)
Batting: LHB Hamilton Hughes 0-0: Called Strike
0-1: Called Strike
0-2: Ball
1-2: Foul Ball, location: 2F
1-2: Fielders Choice at 2nd, 6-4 (Groundball, 6)
Bottom of the 9th over - 4 run(s), 4 hit(s), 0 error(s), 1 left on base; Wichita 19 - Salem 8
Thursday, March 30th, 2017 - OOTP Baseball 17.12 Build 75